 Dungeon Crawl Stone Soup version 0.24-a0-778-g74da537585 (webtiles) character file.

Game seed: 951423791259444106, levelgen mode: deterministic

29366 Peloso the Fencer (level 13, 0/116 HPs)
             Began as a Minotaur Fighter on Oct 7, 2019.
             Was the Champion of Okawaru.
             Slain by a wolf (1 damage)
             ... on level 6 of the Lair of Beasts.
             The game lasted 00:33:09 (13905 turns).

Peloso the Fencer (Minotaur Fighter)               Turns: 13905, Time: 00:33:09

Health: 0/116      AC: 17    Str: 27    XL:     13   Next: 14%
Magic:  12/12      EV: 10    Int:  5    God:    Okawaru [******]
Gold:   892        SH: 13    Dex: 12    Spells: 12/12 levels left

rFire    + . .     SeeInvis .   a - +4 scimitar (flame)
rCold    + + .     Gourm    .   c - +0 shield
rNeg     . . .     Faith    +   b - +2 chain mail {rC+}
rPois    +         Spirit   .   (helmet restricted)
rElec    .         Reflect  .   I - scarf {rC+ rF+}
rCorr    .         Harm     .   B - +1 pair of gloves {archery}
MR       .....                  (no boots)
Stlth    ..........             v - amulet of faith
HPRegen  0.29/turn              n - ring of Terra Nullius {rPois Str+3 Stlth+}
MPRegen  0.13/turn              q - +6 ring of slaying

@: no status effects
A: retaliatory headbutt, horns 2
a: Heroism, Finesse, Renounce Religion


You were on level 6 of the Lair of Beasts.
You worshipped Okawaru.
Okawaru was exalted by your worship.
You were not hungry.

You visited 3 branches of the dungeon, and saw 17 of its levels.

You collected 892 gold pieces.

Inventory:

Hand Weapons
 a - a +4 scimitar of flaming (weapon)
 t - the cursed +0 dagger of the Demagogue {holy, rC- Str+2 Int+3, unknown}
   (You found it on level 4 of the Lair of Beasts)

   It has been blessed by the Shining One to cause great damage to the undead
   and demons.
   It affects your strength (+2).
   It affects your intelligence (+3).
   It makes you vulnerable to cold.
   It has a curse placed upon it.
Armour
 b - a +2 chain mail of cold resistance (worn)
 c - a +0 shield (worn)
 o - a +1 pair of gloves
 B - a +1 pair of gloves of archery (worn)
 I - a scarf of resistance (worn)
Jewellery
 n - the ring of Terra Nullius (left hand) {rPois Str+3 Stlth+}
   (You found it on level 4 of the Dungeon)

   [ring of strength]

   It affects your strength (+3).
   It protects you from poison.
   It makes you more stealthy.
 p - an uncursed ring of positive energy {unknown}
 q - a +6 ring of slaying (right hand)
 v - an amulet of faith (around neck)
Wands
 r - a wand of paralysis (14)
 s - a wand of acid (8)
Scrolls
 e - 14 scrolls of remove curse
 g - a scroll of identify
 h - 5 scrolls of magic mapping
 j - a scroll of blinking
 k - 8 scrolls of teleportation
 m - 5 scrolls of amnesia
 u - 2 scrolls of enchant armour {unknown}
 w - a scroll of noise {unknown}
 y - a scroll of fear {unknown}
 E - 2 scrolls of fog {unknown}
 G - a scroll of immolation {unknown}
Potions
 d - a potion of cancellation
 i - 9 potions of curing
 l - 3 potions of might
 x - 5 potions of haste
 A - a potion of heal wounds
 C - a potion of berserk rage
 D - a potion of invisibility
 H - 3 potions of flight
 J - a potion of magic
Comestibles
 f - 36 rations


   Skills:
 + Level 11.6 Fighting
 + Level 15.1 Long Blades
 + Level 13.5 Armour
 + Level 4.4 Dodging
 + Level 2.4 Stealth
 + Level 12.0 Shields
 + Level 1.2 Evocations


You had 12 spell levels left.
You didn't know any spells.
Your spell library contained the following spells:

 Spells                   Type           Power        Failure   Level  Hunger
 Confusing Touch          Hex            #.....       97%         1    ##.....
 Corona                   Hex            #......      97%         1    ##.....
 Magic Dart               Conj           #...         97%         1    ##.....
 Blink                    Tloc           N/A          99%         2    ###....
 Call Imp                 Summ           #.......     99%         2    ###....
 Ensorcelled Hibernation  Hex/Ice        #.....       99%         2    ###....
 Slow                     Hex            #.......     99%         2    ###....
 Confuse                  Hex            #.......     100%        3    ####...
 Conjure Flame            Conj/Fire      #.......     100%        3    ####...
 Dazzling Spray           Conj/Hex       #.....       100%        3    ####...
 Gell's Gravitas          Tloc           #.........   100%        3    ####...
 Mephitic Cloud           Conj/Pois/Air  #.......     100%        3    ####...
 Tukima's Dance           Hex            #.......     100%        3    ####...
 Petrify                  Tmut/Erth      #.......     100%        4    #####..
 Metabolic Englaciation   Hex/Ice        #.........   100%        5    ######.
 Yara's Violent Unravell  Hex/Tmut       #.........   100%        5    ######.


Dungeon Overview and Level Annotations

Branches:
Dungeon (10/15)            Temple (1/1) D:4            Lair (6/6) D:10
  Swamp (0/4) Lair:3       Spider (0/4) Lair:3        Slime (0/5) Lair:5
    Orc: D:9-12

Altars:
Ashenzari
Gozag
Nemelex Xobeh
Okawaru
Yredelemnul
Jiyva

Annotations:
D:10 1 runed translucent door, night's ghost, novice HaHu
Lair:1 exclusion: 3 oklob plants


Innate Abilities, Weirdness & Mutations

You reflexively headbutt those who attack you in melee.
You have a pair of horns on your head.


Message History

You headbutt the wolf, but do no damage.
You carve the spiny frog like a ham!!! You burn the spiny frog.
You kill the spiny frog!
Okawaru accepts your kill.
Your Shields skill increases to level 12!
The wolf bites you!
* * * LOW HITPOINT WARNING * * *
Unknown command.
You feel much better. The wolf bites you but does no damage. The yak gores you.
* * * LOW HITPOINT WARNING * * *
The wolf bites you but does no damage.
The dream sheep shake their wool and sparkle.
You feel drowsy...
You fall asleep.
The wolf completely misses you. The yak gores you!!
You wake up.
* * * LOW HITPOINT WARNING * * *
The wolf bites you but does no damage.
You slash the yak! You burn the yak. You headbutt the yak.
The yak is heavily wounded.
You block the yak's attack. The wolf bites you.
You die... #####.....#P# ##.## YY.

...#P.....### ##### ...
.##....†### ####.##### ### #.YY
.......†## #.#.##...###.### .F.Y
.........# ##....Y........##...Y
........#####..h.YYYY..YY........
........†.##...Y.hYY...Y.........
÷...##..†.P.#.hY#h###.#.#.†......
.÷..###.......##@## ######..†...#
÷...###....P...### ##....#.
÷..P.##P........# #......
.....###....P..... ###...# .....#
.....#...... ...#
...P####....#.P.... .... .÷..#
#...####.... ...( ..P.# #...# P..
.... ....# ...#


You could see 5 yaks, 4 wolves and 4 dream sheep.

Vanquished Creatures
  Harold (D:10)
  2 hydras (Lair:6)
  Erica (D:8)
  A centaur warrior (D:10)
  A lindwurm (Lair:5)
  An orb spider (Lair:3)
  An oklob plant (Lair:6)
  5 elephants (Lair:2)
  Maurice (D:8)
  2 black mambas
  Joseph (D:9)
  Psyche (D:9)
  9 spiny frogs
  3 rime drakes
  5 komodo dragons
  2 trolls
  17 blink frogs
  A bog body (Lair:3)
  5 hippogriffs
  4 dream sheep (Lair:6)
  2 wyverns
  4 hogs (D:7)
  7 yaks
  A human (D:7)
  4 basilisks
  Edmund (D:5)
  15 water moccasins
  7 porcupines
  2 ice beasts
  3 phantoms
  An orc warrior (D:6)
  5 sky beasts
  3 black bears
  An eye of draining (D:10)
  2 ogres
  7 wolves (Lair:6)
  3 centaurs
  8 crocodiles
  9 bullfrogs
  A wyvern zombie (D:6)
  10 scorpions
  10 killer bees (D:7)
  9 wights
  7 electric eels (Lair:3)
  A howler monkey (D:8)
  4 crimson imps
  2 jellies
  A bullfrog zombie (D:6)
  4 bullfrog skeletons
  5 hounds
  8 orc priests
  11 orc wizards
  7 worker ants
  A killer bee zombie (D:5)
  A hound skeleton (D:9)
  A hound zombie (D:9)
  2 howler monkey zombies
  A worker ant zombie (D:9)
  3 gnolls (D:7)
  11 adders
  A shadow imp (D:10)
  4 oozes
  4 adder zombies
  2 worms
  5 dart slugs
  2 leopard geckos
  22 orcs
  2 ball pythons
  7 bats
  5 giant cockroaches
  6 goblins
  12 hobgoblins
  11 jackals
  7 kobolds
  7 quokkas
  3 frilled lizards
  A leopard gecko skeleton (D:7)
  3 leopard gecko zombies
  4 rats
  A butterfly (Lair:2)
  3 fungi
  2 plants (D:10)
363 creatures vanquished.

Vanquished Creatures (others)
  20 fungi
  15 plants
35 creatures vanquished.

Grand Total: 398 creatures vanquished

Notes
Turn   | Place    | Note
-------+----------+-------------------------------------------
     0 | D:1      | Peloso the Minotaur Fighter began the quest for the Orb.
     0 | D:1      | Reached XP level 1. HP: 19/19 MP: 0/0
    37 | D:1      | Reached XP level 2. HP: 26/27 MP: 1/1
   233 | D:1      | Reached XP level 3. HP: 21/33 MP: 2/2
   351 | D:1      | Reached skill level 3 in Long Blades
   892 | D:2      | Found a faded altar of an unknown god.
   929 | D:2      | Noticed an ogre
   934 | D:2      | Killed an ogre
   934 | D:2      | Reached skill level 4 in Long Blades
   934 | D:2      | Reached XP level 4. HP: 40/40 MP: 3/3
   934 | D:2      | Reached XP level 5. HP: 46/46 MP: 4/4
  1249 | D:3      | Found a transporter.
  1272 | D:3      | Found a transporter.
  1324 | D:3      | Reached skill level 1 in Dodging
  2739 | D:4      | Found a shattered altar of Ashenzari.
  2755 | D:4      | Reached skill level 5 in Long Blades
  2774 | D:4      | Reached XP level 6. HP: 46/53 MP: 5/5
  2852 | D:4      | Reached skill level 5 in Armour
  2852 | D:4      | Reached skill level 5 in Shields
  2916 | D:4      | Got a transparent tin ring
  2920 | D:4      | Identified the ring of Terra Nullius {rPois Str+3 Stlth+}
                  | (You found it on level 4 of the Dungeon)
  2941 | D:4      | Found a staircase to the Ecumenical Temple.
  3051 | Temple   | Entered the Ecumenical Temple
  3066 | Temple   | Became a worshipper of Warmaster Okawaru
  3396 | D:4      | Reached XP level 7. HP: 59/60 MP: 6/6
  3645 | D:5      | Entered Level 5 of the Dungeon
  3670 | D:5      | Reached skill level 6 in Long Blades
  3732 | D:5      | Reached skill level 5 in Fighting
  3760 | D:5      | Reached * piety under Okawaru
  3760 | D:5      | Reached skill level 7 in Long Blades
  3859 | D:5      | Reached XP level 8. HP: 27/68 MP: 7/7
  3867 | D:5      | Noticed Edmund
  4086 | D:5      | Killed Edmund
  4294 | D:5      | Reached skill level 8 in Long Blades
  4556 | D:5      | Reached ** piety under Okawaru
  4572 | D:5      | Found a sparkling altar of Nemelex Xobeh.
  4875 | D:6      | You fall into a shaft and drop 1 floor!
  4889 | D:7      | Reached skill level 9 in Long Blades
  4908 | D:7      | Reached XP level 9. HP: 61/75 MP: 8/8
  5101 | D:6      | Reached *** piety under Okawaru
  5565 | D:7      | Reached skill level 10 in Long Blades
  5819 | D:7      | Reached **** piety under Okawaru
  5870 | D:7      | Reached skill level 1 in Stealth
  6023 | D:7      | Reached skill level 11 in Long Blades
  6043 | D:7      | Reached XP level 10. HP: 53/84 MP: 9/9
  6854 | D:8      | Noticed Maurice
  6864 | D:8      | Killed Maurice
  7079 | D:8      | Noticed Erica
  7094 | D:8      | Killed Erica
  7094 | D:8      | Reached ***** piety under Okawaru
  7519 | D:9      | Reached skill level 10 in Armour
  7622 | D:9      | Noticed Psyche
  7625 | D:9      | Killed Psyche
  7625 | D:9      | Reached skill level 12 in Long Blades
  7799 | D:9      | Noticed Joseph
  7810 | D:9      | Killed Joseph
  8319 | D:10     | Entered Level 10 of the Dungeon
  8324 | D:10     | Reached skill level 1 in Evocations
  8339 | D:10     | Noticed Harold
  8346 | D:10     | Killed Harold
  8346 | D:10     | Received a gift from Okawaru
  8346 | D:10     | Reached XP level 11. HP: 65/94 MP: 5/10
  8375 | D:10     | Noticed night's ghost (novice HaHu)
  8588 | D:10     | Found a runed translucent door.
  8610 | D:10     | Reached skill level 10 in Shields
  8695 | D:10     | Noticed a centaur warrior
  8703 | D:10     | Killed a centaur warrior
  8982 | D:10     | Found a staircase to the Lair.
  9013 | Lair:1   | Entered Level 1 of the Lair of Beasts
  9017 | Lair:1   | Reached skill level 13 in Long Blades
  9183 | Lair:1   | Noticed an oklob plant
  9185 | Lair:1   | Noticed an oklob plant
  9186 | Lair:1   | Noticed an oklob plant
  9327 | Lair:1   | Received a gift from Okawaru
  9465 | Lair:1   | Got a pitted long sword {god gift}
  9466 | Lair:1   | Identified the +1 long sword "Bidevam" {flame, rN+ MR-
                  | Int+4} (Okawaru gifted it to you on level 1 of the Lair of
                  | Beasts)
 10386 | Lair:2   | Reached ****** piety under Okawaru
 10754 | Lair:3   | Found a hole to the Spider Nest.
 10754 | Lair:3   | Noticed an orb spider
 10768 | Lair:3   | Killed an orb spider
 10768 | Lair:3   | Reached skill level 14 in Long Blades
 10768 | Lair:3   | Reached XP level 12. HP: 58/105 MP: 11/11
 10891 | Lair:3   | Found a staircase to the Swamp.
 11890 | Lair:4   | Got a pitted dagger
 12024 | Lair:4   | Received a gift from Okawaru
 12108 | Lair:4   | Reached skill level 10 in Fighting
 12728 | Lair:5   | Found a runed translucent door.
 12728 | Lair:5   | Found a viscous altar of Jiyva.
 12728 | Lair:5   | Found a staircase to the Slime Pits.
 13243 | Lair:6   | Entered Level 6 of the Lair of Beasts
 13243 | Lair:6   | Noticed a five-headed hydra
 13247 | Lair:6   | Killed a three-headed hydra
 13282 | Lair:6   | Received a gift from Okawaru
 13789 | Lair:6   | Reached skill level 15 in Long Blades
 13821 | Lair:6   | Reached XP level 13. HP: 112/116 MP: 12/12
 13904 | Lair:6   | HP: 1/116 [yak (30)]
 13905 | Lair:6   | Slain by a wolf

Levels and vault maps discovered:
D:1:      wheals_arrival_shading, layout_basic
D:2:      minmay_door_path, layout_loops_ring,
          chequers_ecumenical_altar_simple_redux
D:3:      gammafunk_wand_slinger, layout_basic
D:4:      layout_basic, nicolae_overflow_crystal_walls,
          minmay_temple_entry_overgrown
D:5:      layout_gridville, first_ration, nemelex_spade_bored_becter,
          uniq_edmund
D:6:      layout_loops_ring
D:7:      layout_basic, kennysheep_another_room, grunt_livestock
D:8:      layout_rooms, minmay_misc_feat_five, uniq_maurice, uniq_erica
D:9:      layout_irregular_city, hangedman_decor_slide_cut, uniq_psyche,
          uniq_joseph
D:10:     layout_roguey, david_lair_shrubbed, hellmonk_ghost_happy_afterlife,
          uniq_harold
Temple:   roderic_octagonal_lattice_temple
Lair:1:   layout_misc_corridors, st_stairs_12, minmay_lair_oklob_chamber,
          grunt_megastairs_5
Lair:2:   layout_hall_layers, grunt_megastairs_1, lemuel_fruit_fields,
          lemuel_fruit_tree
Lair:3:   layout_hall_layers, skrybe_swamp_entry_bodies,
          nicolae_spider_entry_orb_guardian, serial_bayou,
          serial_bayou_crossing, serial_bayou_ford_a, serial_bayou_shore_b,
          serial_bayou_lake_a
Lair:4:   layout_regular_city
Lair:5:   layout_regular_city, slime_altar_2, st_stairs_3,
          chequers_serial_rivers_room_b
Lair:6:   grunt_lair_end_beastmaster, layout_concentric_octagons

Skill      XL: |  1  2  3  4  5  6  7  8  9 10 11 12 13 |
---------------+----------------------------------------+-----
Armour         | 4 5 6 7 9 10 11 13 | 13.5
Shields        | 4 5 7 8 9 10 11 12 | 12.0
Long Blades    | 4 5 7 9 11 12 14 15 | 15.1
Fighting       | 4 5 6 7 9 11 | 11.6
Dodging        | 1 2 3 4 |  4.4
Stealth        | 1 2 |  2.4
Evocations     | 1 |  1.2

Action                   |  1- 3 |  4- 6 |  7- 9 | 10-12 | 13-15 || total
-------------------------+-------+-------+-------+-------+-------++-------
Melee: Long sword        |    82 |   121 |   300 |    37 |       ||   540
       Headbutt          |    12 |    26 |    70 |   101 |     9 ||   218
       Scimitar          |       |       |       |   392 |    33 ||   425
Evoke: Wand              |       |       |       |    11 |       ||    11
  Use: Potion            |     1 |       |       |       |     1 ||     2
       Scroll            |       |       |       |    19 |       ||    19
 Stab: Confused          |       |       |       |     1 |       ||     1
  Eat: Chunk             |       |     4 |     6 |    25 |       ||    35
       Ration            |       |     1 |     1 |       |       ||     2
Armor: Scale mail        |    27 |    34 |       |       |       ||    61
       Chain mail        |       |    36 |   116 |   133 |    24 ||   309
Dodge: Dodged            |    30 |    23 |    83 |    91 |    18 ||   245
Block: Shield            |    47 |    70 |   143 |   174 |    43 ||   477
       Rpst.: Long sword |     9 |    11 |    28 |     3 |       ||    51
       Scimitar          |       |       |       |    16 |     3 ||    19

Table legend:
 A = Non-vault XP
 B = Vault XP
 C = Vault XP percentage of total XP
 D = Non-vault monster count
 E = Vault monster count
 F = Vault count percentage of total count
                 A         B        C        D         E       F
            +---------+---------+-------+---------+---------+-------
      Total |   34619 |    7333 |  17.5 |     325 |      32 |   9.0
            +---------+---------+-------+---------+---------+-------
        D:1 |      58 |       0 |   0.0 |      29 |       0 |   0.0
        D:2 |     157 |       4 |   2.5 |      12 |       2 |  14.3
        D:3 |      57 |      86 |  60.1 |      20 |       2 |   9.1
        D:4 |     490 |       0 |   0.0 |      20 |       0 |   0.0
        D:5 |     964 |     182 |  15.9 |      15 |       1 |   6.2
        D:6 |    1207 |       0 |   0.0 |      31 |       0 |   0.0
        D:7 |    1591 |     983 |  38.2 |      40 |       5 |  11.1
        D:8 |     693 |    1407 |  67.0 |      11 |       2 |  15.4
        D:9 |    1368 |     884 |  39.3 |      26 |       2 |   7.1
       D:10 |    2398 |    1330 |  35.7 |      19 |       2 |   9.5
     Lair:1 |    3602 |     433 |  10.7 |      15 |       3 |  16.7
     Lair:2 |    3178 |     382 |  10.7 |      10 |       1 |   9.1
     Lair:3 |    1487 |     866 |  36.8 |      14 |       2 |  12.5
     Lair:4 |    4206 |       0 |   0.0 |      18 |       0 |   0.0
     Lair:5 |    2723 |     203 |   6.9 |      10 |       5 |  33.3
     Lair:6 |   10440 |     573 |   5.2 |      35 |       5 |  12.5
            +---------+---------+-------+---------+---------+-------
